 Dungeon Crawl Stone Soup version 0.21.1-1-g345015f (webtiles) character file.

8736 Kagorn the Fighter (level 11, -5/73 HPs)
             Began as a Gargoyle Gladiator on June 12, 2018.
             Slain by an orc warlord
             ... wielding a +0 long sword
             ... created by the wrath of Beogh
              (9 damage)
             ... on level 11 of the Dungeon.
             The game lasted 01:35:51 (10710 turns).

Kagorn the Fighter (Gargoyle Gladiator)            Turns: 10710, Time: 01:35:52

Health: -5/73      AC: 23    Str: 23    XL:     11   Next: 35%
Magic:  11/11      EV: 14    Int: 14    God:
Gold:   781        SH:  0    Dex: 11    Spells: 10/10 levels left

rFire    . . .     SeeInvis .   F - +8 quarterstaff "Ecuiwk" {drain, rPois Str+3 Int+4}
rCold    . . .     Gourm    .   (shield currently unavailable)
rNeg     + + +     Faith    .   l - +3 leather armour
rPois    ∞         Spirit   .   v - +2 helmet
rElec    +         Reflect  .   H - +0 cloak
rCorr    .         Harm     .   O - +1 pair of gloves
MR       .....     NoTele   +   i - +0 pair of boots
Stlth    +++.......             (no amulet)
HPRegen  0.22/turn              m - ring of positive energy
MPRegen  0.12/turn              c - ring "Wokkofesyd" {-Tele rPois rN+ Slay+1}

@: no status effects
A: negative energy resistance 1, electricity resistance, unbreathing,
petrification resistance, rot immunity, AC +8
a: no special abilities


You were on level 11 of the Dungeon.
You were not hungry.

You visited 2 branches of the dungeon, and saw 12 of its levels.

You collected 781 gold pieces.

Inventory:

Hand Weapons
 a - a +1 war axe
 y - a +0 great sword
 D - a +2 hand axe of flaming
 F - the +8 quarterstaff "Ecuiwk" (weapon) {drain, rPois Str+3 Int+4}
   (You found it on level 8 of the Dungeon)

   A truly terrible weapon, it drains the life of those it strikes.
   It affects your strength (+3).
   It affects your intelligence (+4).
   It protects you from poison.
 N - a +0 glaive
Missiles
 d - 6 throwing nets (quivered)
Armour
 i - a +0 pair of boots (worn)
 l - a +3 leather armour (worn)
 v - a +2 helmet (worn)
 H - a +0 cloak (worn)
 L - a +0 plate armour
 O - a +1 pair of gloves (worn)
Jewellery
 c - the ring "Wokkofesyd" (right hand) {-Tele rPois rN+ Slay+1}
   (You found it on level 6 of the Dungeon)

   [ring of slaying]

   It affects your accuracy and damage with ranged weapons and melee attacks
   (+1).
   It protects you from poison.
   It protects you from negative energy.
   It prevents most forms of teleportation.
 m - a ring of positive energy (left hand)
 s - an uncursed ring of ice
Wands
 g - a wand of disintegration (1)
 u - a wand of iceblast (13)
 E - a wand of paralysis (7)
Scrolls
 e - a scroll of fog
 h - 3 scrolls of remove curse
 j - 5 scrolls of teleportation
 k - 4 scrolls of amnesia
 w - a scroll of immolation
 K - a scroll of blinking {unknown}
 M - a scroll of fear {unknown}
Potions
 b - a potion of haste
 n - a potion of agility
 o - 2 potions of cancellation
 p - 2 potions of flight {unknown}
 q - a potion of mutation
 t - a potion of invisibility
 z - a potion of magic {unknown}
 A - a potion of curing
 B - a potion of ambrosia {unknown}
Books
 r - a book of Changes

   Spells                             Type                      Level
   a - Beastly Appendage              Transmutation                1
   b - Sticks to Snakes               Transmutation                2
   c - Spider Form                    Transmutation/Poison         3
   d - Ice Form                       Ice/Transmutation            4
   e - Blade Hands                    Transmutation                5
 G - a book of Callings

   Spells                             Type                      Level
   a - Summon Small Mammal            Summoning                    1
   b - Call Imp                       Summoning                    2
   c - Call Canine Familiar           Summoning                    3
   d - Summon Guardian Golem          Hexes/Summoning              3
   e - Summon Lightning Spire         Summoning/Air                4
   f - Summon Ice Beast               Ice/Summoning                4
 J - a Young Poisoner's Handbook

   Spells                             Type                      Level
   a - Sting                          Conjuration/Poison           1
   b - Poisonous Vapours              Poison/Air                   2
   c - Mephitic Cloud                 Conjuration/Poison/Air       3
   d - Olgreb's Toxic Radiance        Poison                       4
   e - Venom Bolt                     Conjuration/Poison           5
Miscellaneous
 P - a crystal ball of energy
Comestibles
 f - 7 rations


   Skills:
 * Level 10.6 Fighting
 - Level 8.9 Axes
 * Level 2.5 Staves
 - Level 1.7 Throwing
 + Level 7.2 Armour
 + Level 6.2 Dodging
 + Level 6.1 Stealth


You had 10 spell levels left.
You didn't know any spells.

Dungeon Overview and Level Annotations

Branches:
Dungeon (11/15)            Temple (1/1) D:4            Lair (0/6) D:9
    Orc: D:9-12

Altars:
Ashenzari
Cheibriados
Dithmenos
Elyvilon
Fedhas
Gozag
Hepliaklqana
Kikubaaqudgha
Makhleb
Nemelex Xobeh
Okawaru
Qazlal
Ru
Sif Muna
Trog
Uskayaw
Vehumet
Wu Jian
Xom
Yredelemnul
Zin
The Shining One

Shops:
D:8 %}[

Annotations:
D:9 exclusion: 2 oklob plants


Innate Abilities, Weirdness & Mutations

You are resistant to torment.
Your stone body is resilient. (AC +8)
You are immune to poison.
You resist negative energy. (rN+)
You are resistant to electric shocks. (rElec)
You can survive without breathing.
You are immune to petrification.
You are immune to rotting.


Message History

You kill the orc!
That felt strangely unrewarding.
The orc warlord hits you but does no damage.
The orc warlord blocks your attack.
The orc warlord hits you with a long sword!!
* * * LOW HITPOINT WARNING * * *
You feel better.
The orc warlord hits you with a long sword!
* * * LOW HITPOINT WARNING * * *
A scorpion comes into view.
Aiming: Disintegrate
Press: ? - help, Shift-Dir - straight line, f - orc warlord
Aim: an orc warlord, wielding a long sword, wearing a chain mail and wearing a shield (durably summoned, chance to defeat MR: 30%)
The orc warlord easily resists.
Aiming: Disintegrate
Press: ? - help, Shift-Dir - straight line, f/p - orc warlord
Aim: an orc warlord, wielding a long sword, wearing a chain mail and wearing a shield (durably summoned, chance to defeat MR: 30%)
The orc warlord easily resists.
The orc warlord hits you with a long sword!
You die...

#.... ...
..... ####...
#.... .......
#... .....##
#..# ......#
##...#.......
#.s..o.......
#@.# ##.# .#
##


You could see an orc warlord and a scorpion.

Vanquished Creatures
  2 two-headed ogres
  Maurice (D:7)
  Psyche (D:9)
  The ghost of kaytrill the Ruffian, an amateur TrFi (D:4)
  2 trolls (D:9)
  A hornet (D:9)
  2 hippogriffs (D:9)
  2 hogs (D:8)
  A wyvern (D:10)
  2 yaks (D:8)
  A human (D:8)
  A soldier ant (D:10)
  2 sky beasts
  2 orc warriors
  A black bear (D:10)
  An eye of draining (D:10)
  2 ogres
  3 phantoms
  3 wolves (D:9)
  2 centaurs
  2 big kobolds (D:8)
  2 small abominations (D:9)
  4 bullfrogs
  3 scorpions
  A water moccasin skeleton (D:8)
  16 killer bees
  4 wights (D:6)
  2 electric eels (D:9)
  7 howler monkeys
  A centaur zombie (D:10)
  A bullfrog zombie (D:6)
  4 crimson imps
  11 hounds
  5 orc priests
  3 bullfrog skeletons
  A centaur skeleton (D:4)
  An iguana (D:7)
  4 orc wizards
  An iron imp (D:8)
  8 worker ants
  A hound skeleton (D:7)
  10 gnolls
  15 adders
  A shadow imp (D:7)
  An ooze (D:1)
  An adder zombie (D:9)
  2 adder skeletons
  4 worms
  A dart slug (D:1)
  5 leopard geckos
  28 orcs
  A ball python (D:1)
  10 bats
  6 giant cockroaches
  7 goblins
  11 hobgoblins
  16 jackals
  5 quokkas
  6 frilled lizards
  A goblin skeleton (D:8)
  2 goblin zombies (D:8)
  A hobgoblin zombie (D:8)
  A jackal skeleton (D:6)
  A jackal zombie (D:6)
  21 kobolds
  2 kobold zombies (D:8)
  An orc skeleton (D:8)
  A quokka skeleton (D:4)
  4 rats
  A bush (D:9)
281 creatures vanquished.

Vanquished Creatures (others)
  3 bushes (D:9)
3 creatures vanquished.

Grand Total: 284 creatures vanquished

Notes
Turn   | Place    | Note
-------+----------+-------------------------------------------
     0 | D:1      | Kagorn the Gargoyle Gladiator began the quest for the Orb.
     0 | D:1      | Reached XP level 1. HP: 12/12 MP: 1/1
   113 | D:1      | Reached XP level 2. HP: 16/18 MP: 2/2
   325 | D:1      | Reached skill level 1 in Armour
   325 | D:1      | Reached XP level 3. HP: 22/22 MP: 3/3
   520 | D:1      | Reached skill level 3 in Fighting
   938 | D:2      | Reached XP level 4. HP: 27/28 MP: 4/4
  1010 | D:2      | Found a faded altar of an unknown god.
  1019 | D:2      | Became a worshipper of Nemelex Xobeh the Trickster
  1019 | D:2      | Received a gift from Nemelex Xobeh
  1019 | D:2      | Received a gift from Nemelex Xobeh
  1019 | D:2      | Reached * piety under Nemelex Xobeh
  1020 | D:2      | Fell from the grace of Nemelex Xobeh
  1626 | D:3      | Reached XP level 5. HP: 18/32 MP: 5/5
  2129 | D:3      | HP: 1/33 [burnt (6)]
  2500 | D:4      | Reached skill level 4 in Fighting
  2603 | D:4      | Noticed kaytrill's ghost (amateur TrFi)
  2725 | D:4      | Reached XP level 6. HP: 38/38 MP: 6/6
  2812 | D:4      | Found an iron altar of Okawaru.
  2864 | D:4      | HP: 1/39 [kaytrill's ghost (8)]
  2865 | D:5      | Entered Level 5 of the Dungeon
  2879 | D:5      | Reached XP level 7. HP: 19/44 MP: 7/7
  2999 | D:5      | Reached skill level 5 in Fighting
  3155 | D:5      | Found a shattered altar of Ashenzari.
  3216 | D:5      | Reached skill level 5 in Axes
  3511 | D:4      | HP: 1/67 [kaytrill's ghost (11)]
  3512 | D:4      | Killed kaytrill's ghost
  3512 | D:4      | Reached skill level 6 in Fighting
  3512 | D:4      | Reached XP level 8. HP: 1/51 MP: 8/8
  3910 | D:4      | Found a hazy altar of Hepliaklqana.
  3925 | D:4      | Found a sacrificial altar of Ru.
  4007 | D:4      | Found a staircase to the Ecumenical Temple.
  4019 | Temple   | Entered the Ecumenical Temple
  4480 | D:6      | Got a scorched granite ring
  4740 | D:7      | Reached skill level 7 in Fighting
  4791 | D:6      | Identified the ring "Wokkofesyd" {-Tele rPois rN+ Slay+1} (You found it on level 6 of the Dungeon)
  4941 | D:6      | Reached skill level 1 in Stealth
  4943 | D:6      | Reached XP level 9. HP: 57/57 MP: 9/9
  5777 | D:7      | Reached skill level 5 in Armour
  6879 | D:7      | Reached skill level 8 in Fighting
  7174 | D:8      | Noticed a two-headed ogre
  7389 | D:8      | Noticed Maurice
  7393 | D:8      | Got a warped quarterstaff
  7447 | D:7      | Killed Maurice
  7486 | D:8      | Reached skill level 5 in Dodging
  7553 | D:8      | Reached XP level 10. HP: 50/65 MP: 10/10
  7584 | D:8      | Found Joerenam's Gadget Shoppe.
  7640 | D:8      | Found a glowing golden altar of the Shining One.
  7792 | D:8      | Found Dourarif's Antique Armour Boutique.
  7872 | D:8      | Found Xengi's Food Boutique.
  7924 | D:8      | Reached skill level 9 in Fighting
  8864 | D:9      | Noticed Psyche
  8898 | D:9      | Killed Psyche
  8899 | D:9      | Reached skill level 5 in Stealth
  9313 | D:9      | Found a staircase to the Lair.
  9331 | D:9      | Reached skill level 10 in Fighting
  9533 | D:9      | Reached XP level 11. HP: 72/72 MP: 11/11
  9609 | D:9      | Identified the +8 quarterstaff "Ecuiwk" {drain, rPois Str+3 Int+4} (You found it on level 8 of the Dungeon)
  9627 | D:9      | Noticed a two-headed ogre
  9651 | D:9      | Killed a two-headed ogre
  9651 | D:9      | Reached skill level 1 in Staves
  9790 | D:9      | Found a blossoming altar of Fedhas.
  9793 | D:9      | Noticed an oklob plant
  9793 | D:9      | Noticed an oklob plant
 10340 | D:10     | Entered Level 10 of the Dungeon
 10462 | D:10     | Noticed a two-headed ogre
 10571 | D:10     | Killed a two-headed ogre
 10686 | D:10     | Was forgiven by Nemelex Xobeh
 10687 | D:10     | Noticed an orc warlord
 10687 | D:10     | Noticed an orc sorcerer
 10710 | D:11     | Slain by an orc warlord

Skill      XL: |  1  2  3  4  5  6  7  8  9 10 11 |
---------------+----------------------------------+-----
Axes           | 3 4 5 6 7 8 |  8.9
Armour         | 1 2 3 4 5 6 7 |  7.2
Fighting       | 3 4 6 7 8 10 | 10.6
Dodging        | 3 4 5 6 |  6.2
Stealth        | 1 3 5 6 |  6.1
Staves         | 2 |  2.5
Throwing       | |  1.7

Action                   |  1- 3 |  4- 6 |  7- 9 | 10-12 || total
-------------------------+-------+-------+-------+-------++-------
Melee: War axe           |    92 |   188 |   359 |   234 ||   873
       Long sword        |       |       |     2 |       ||     2
       Quarterstaff      |       |       |       |    76 ||    76
Invok: Renounce Religion |       |     1 |       |       ||     1
Evoke: Wand              |       |       |     1 |     2 ||     3
  Use: Potion            |       |     6 |     1 |     4 ||    11
       Scroll            |       |       |    10 |     5 ||    15
 Stab: Sleeping          |       |     1 |     2 |     2 ||     5
  Eat: Ration            |       |     5 |     8 |     4 ||    17
       Chunk             |       |     1 |     4 |       ||     5
Armor: Leather armour    |    46 |   108 |   197 |   226 ||   577
Dodge: Dodged            |    85 |   157 |   290 |   324 ||   856
